Map: Infestation

Players

zod - Winner!

  • Race: Protoss Protoss
  • League: Silver
  • Spawn Location: 9:00

Blubbel - Winner!

  • Race: Terran Terran
  • League: Bronze
  • Spawn Location: 9:00

ZanGdrak

  • Race: Terran Terran
  • League: Bronze
  • Spawn Location: 3:00

FireStrike

  • Race: Protoss Protoss
  • League: Gold
  • Spawn Location: 3:00

VOD

Have the link to the VOD?

Description

Time

  • Played on: Dec. 12, 2015, 1:12 p.m.
  • Length: 16:04
Show
View Real Time Build Order
Export as new Build Order

zod Protoss - Winner!

Build Orders:  

Get SALT Encoding   

  12  0:01  Probe (Chrono Boost)  
  13  0:14  Pylon  
  13  0:19  Probe (Chrono Boost)  
  14  0:29  Probe (Chrono Boost)  
  15  0:40  Probe (Chrono Boost)  
  16  0:50  Probe (Chrono Boost)  
  17  1:01  Probe (Chrono Boost)  
  19  1:11  Probe (Chrono Boost), Nexus  
  19  1:21  Pylon  
  19  1:22  Probe (Chrono Boost)  
  20  1:28  Gateway  
  20  1:32  Assimilator  
  20  1:36  Probe (Chrono Boost)  
  21  1:40  Assimilator  
  21  1:48  Probe (Chrono Boost)  
  21  1:52  Pylon  
  22  2:09  Probe (Chrono Boost)  
  23  2:16  Cybernetics Core  
  23  2:19  Gateway  
  23  2:21  Forge  
  23  2:22  Probe (Chrono Boost)  
  24  2:26  Probe (Chrono Boost)  
  25  2:38  Probe x2 (Chrono Boost)  
  25  2:44  Pylon  
  27  2:49  Probe x2 (Chrono Boost)  
  29  2:52  Warp Gate  
  29  2:59  Pylon  
  29  3:04  Stargate  
  29  3:07  Protoss Ground Weapons Level 1  
  29  3:16  Assimilator  
  31  3:20  Mothership Core (Chrono Boost)  
  31  3:25  Photon Cannon  
  31  3:27  Probe (Chrono Boost)  
  32  3:38  Twilight Council  
  32  3:42  Gateway  
  32  3:47  Pylon  
  32  4:05  Oracle (Chrono Boost)  
  32  4:07  Probe  
  32  4:08  Probe, Assimilator  
  37  4:18  Probe  
  37  4:20  Probe  
  39  4:26  Gateway  
  39  4:28  Pylon  
  39  4:29  Probe  
  39  4:31  Pylon  
  40  4:32  Resonating Glaives (Chrono Boost), Probe  
  38  5:01  Probe  
  38  5:02  Protoss Shields Level 1  
  38  5:04  Protoss Air Weapons Level 1  
  39  5:15  Gateway  
  39  5:16  Gateway  
  39  5:18  Stalker x2  
  43  5:23  Oracle  
  46  5:42  Probe x2  
  48  5:50  Dark Shrine  
  48  5:54  Probe x2  
  50  6:06  Probe x2  
  52  6:18  Probe  
  50  6:29  Adept x2  
  50  6:30  Adept x2  
  58  6:38  Robotics Facility  
  58  6:41  Templar Archives  
  58  6:42  Probe x2  
  60  6:49  Photon Cannon  
  60  6:55  Photon Cannon  
  60  6:57  Stargate  
  60  6:58  Stargate  
  60  7:09  Probe  
  60  7:10  Probe, Nexus  
  60  7:13  Assimilator  
  62  7:18  Assimilator  
  62  7:19  Psionic Storm, Pylon  
  62  7:22  Pylon  
  62  7:24  Warp Prism (Chrono Boost)  
  62  7:25  Pylon  
  62  7:29  Pylon  
  64  7:31  Blink  
  64  7:34  Dark Templar  
  66  7:45  Probe  
  66  7:46  Probe  
  68  7:58  Photon Cannon  
  68  8:00  Dark Templar x2  
  72  8:07  Dark Templar  
  74  8:17  Stalker x2  
  74  8:19  Stalker  
  80  8:25  Observer (Chrono Boost)  
  81  8:33  Probe  
  81  8:34  Probe x2  
  84  8:43  Probe  
  84  8:46  Probe x2  
  85  9:02  Stalker x4  
  91  9:13  Dark Templar x2  
  81  9:37  Dark Templar x2  
  83  9:39  Probe  
  83  9:40  Probe  
  83  9:41  Probe  
  86  9:50  Probe  
  86  9:51  Stalker x2  
  86  9:52  Stalker x2, Probe  
  95  9:53  Probe  
  97  10:05  Fleet Beacon  
  97  10:07  Stargate  
  97  10:10  Pylon  
  97  10:13  Pylon  
  97  10:15  Pylon  
  97  10:17  Photon Cannon  
  97  10:22  Probe  
  97  10:23  Probe x2  
  97  10:24  Photon Cannon  
  100  10:33  Dark Templar x2  
  104  10:46  Stalker  
  106  10:51  Stalker  
  106  10:52  Stalker  
  106  10:55  Protoss Air Weapons Level 2  
  96  11:04  Tempest x3  
  106  11:21  Observer (Chrono Boost)  
  106  11:24  Protoss Shields Level 2 (Chrono Boost)  
  107  11:37  Tempest  
  111  11:42  Observer  
  112  11:47  Tempest  
  116  11:57  Stalker x2  
  116  11:58  Stalker  
  116  11:59  Stalker  
  116  12:00  Stalker x2  
  128  12:03  Observer  
  129  12:11  Nexus  
  129  12:13  Assimilator  
  129  12:17  Assimilator  
  129  12:18  Pylon  
  129  12:21  Pylon  
  129  12:25  Pylon  
  129  12:28  Pylon  
  129  12:31  Dark Templar x4  
  129  12:32  Dark Templar  
  139  12:56  Protoss Air Armor Level 1  
  121  13:26  Tempest x3  
  123  14:12  Tempest x4  
  138  14:43  Probe  
  138  14:44  Probe  
  138  14:45  Probe  
  141  14:50  Probe  
  142  14:54  Probe  
  142  14:56  Probe  
  142  14:57  Probe  
  145  15:00  Probe  
  145  15:04  Probe  
  145  15:09  Probe x2  
Show
View Real Time Build Order
Export as new Build Order

Blubbel Terran - Winner!

Build Orders: Command Center First (CC) 

Get SALT Encoding   

  12  0:01  SCV  
  13  0:13  SCV  
  14  0:23  Supply Depot  
  14  0:25  SCV  
  15  0:45  SCV  
  17  0:57  SCV  
  17  1:07  Command Center  
  17  1:09  SCV  
  18  1:21  SCV, Barracks  
  19  1:31  Refinery  
  19  1:35  Refinery  
  19  1:43  SCV  
  20  2:09  Supply Depot  
  20  2:10  SCV  
  20  2:15  Marine  
  21  2:19  SCV  
  21  2:22  SCV  
  24  2:31  Factory  
  24  2:32  SCV  
  24  2:34  SCV  
  26  2:43  Engineering Bay  
  26  2:44  SCV  
  26  2:46  SCV  
  28  2:56  SCV  
  28  2:57  Marine  
  30  2:59  Orbital Command  
  30  3:08  SCV  
  31  3:18  Missile Turret  
  31  3:20  SCV  
  32  3:32  SCV  
  32  3:34  Widow Mine  
  33  3:35  Starport  
  33  3:36  Marine  
  36  3:46  Missile Turret  
  36  3:53  Marine  
  37  3:56  Orbital Command  
  37  4:02  SCV  
  38  4:06  Supply Depot  
  38  4:11  Marine  
  38  4:14  SCV  
  40  4:18  Medivac  
  40  4:19  Barracks  
  42  4:25  SCV  
  42  4:26  SCV  
  42  4:30  Refinery  
  44  4:37  SCV  
  44  4:38  SCV, Missile Turret  
  46  4:43  Widow Mine  
  48  5:30  SCV  
  49  5:42  SCV  
  50  6:34  Barracks  
  50  6:39  Barracks  
  50  6:53  Barracks Reactor  
  50  6:54  Barracks  
  50  7:03  Refinery  
  50  7:07  Widow Mine  
  52  7:12  Starport Reactor  
  52  7:14  Hi-Sec Auto Tracking  
  52  7:20  Engineering Bay  
  52  7:23  Supply Depot  
  50  7:36  Widow Mine  
  52  7:40  Missile Turret  
  52  7:57  Barracks  
  52  8:05  Barracks Tech Lab  
  52  8:10  Barracks Tech Lab  
  52  8:13  Barracks Reactor  
  52  8:15  Factory Tech Lab  
  52  8:17  Terran Infantry Armor Level 1  
  52  8:19  Terran Infantry Weapons Level 1  
  52  8:23  Armory  
  42  8:42  Medivac x2  
  42  8:45  Marauder  
  42  8:46  Marauder  
  42  8:47  Marine x3  
  53  8:56  Barracks  
  53  8:57  Barracks  
  53  9:05  Marine  
  53  9:07  Marauder x2  
  58  9:10  Command Center  
  58  9:17  Marine x3  
  58  9:18  Marine  
  62  9:28  Marine  
  62  9:29  Supply Depot, Marauder x2  
  67  9:31  Supply Depot  
  67  9:35  Marine x3  
  70  9:50  SCV, Marine  
  70  9:51  Marauder x2  
  76  9:54  Supply Depot  
  76  9:56  Supply Depot  
  76  10:02  SCV  
  77  10:12  Marauder x2  
  81  10:15  Marine  
  81  10:16  Marine x4  
  81  10:19  Supply Depot  
  81  10:21  Supply Depot  
  86  10:25  Terran Infantry Weapons Level 2  
  86  10:27  Terran Infantry Armor Level 2  
  86  10:33  Marauder x2, Marine x3  
  86  10:34  Missile Turret, Marine  
  94  10:40  Combat Shields  
  94  10:43  Stimpack  
  94  10:46  Barracks Tech Lab  
  94  10:49  Barracks Reactor  
  94  10:55  Marauder x2  
  98  11:04  Marauder  
  98  11:05  Marine x2  
  98  11:06  Marine x3  
  98  11:10  Supply Depot  
  105  11:12  Supply Depot  
  105  11:16  Marauder x2  
  109  11:22  Refinery  
  109  11:23  Marine x3  
  109  11:24  Marine x2  
  114  11:26  Marauder  
  114  11:30  Marine x2  
  118  11:37  Marauder x2  
  122  11:41  Marine x4  
  122  11:42  Marine  
  122  11:46  Medivac x2  
  131  11:47  Marauder  
  131  11:48  Marine x2  
  135  11:59  Marauder x2, Marine x2  
  141  12:02  Supply Depot  
  143  12:08  Marauder  
  143  12:16  Medivac x2  
  143  12:20  Marauder  
  149  12:24  Marauder  
  153  12:30  Marauder  
  153  12:37  Marine  
  153  12:38  Marine x2  
  153  12:42  Supply Depot  
  156  13:04  Marauder x3  
  161  13:26  Marauder x2  
  164  13:31  Marauder  
  111  14:20  Marauder x3  
  111  14:21  Marine  
  111  14:22  Marine x6  
  124  14:39  Marine x2  
  124  14:40  Marine x5  
  124  14:41  Marauder  
  124  14:42  Marauder x2  
  137  15:03  Marauder x3  
  133  15:24  Marauder x2  
  133  15:25  Marauder  
  123  15:34  Marine x3  
  126  15:42  SCV  
Show
View Real Time Build Order
Export as new Build Order

ZanGdrak Terran 

Build Orders:  

Get SALT Encoding   

  12  0:01  SCV  
  13  0:13  SCV  
  14  0:26  Supply Depot, SCV  
  15  0:47  SCV  
  16  0:52  Refinery  
  16  0:56  Refinery  
  16  1:09  Barracks  
  16  1:11  SCV, Barracks  
  17  1:28  SCV  
  18  1:40  SCV  
  19  1:52  SCV  
  20  2:03  Factory  
  20  2:11  Supply Depot  
  20  2:12  Marine  
  21  2:29  Barracks Tech Lab  
  21  2:30  Marine  
  22  2:48  Supply Depot  
  22  2:50  Stimpack  
  22  2:52  Marauder  
  22  2:54  Factory Tech Lab  
  24  3:08  Starport  
  24  3:11  Barracks Reactor  
  24  3:13  Marauder  
  26  3:34  Marauder  
  26  3:35  Widow Mine  
  26  3:36  Armory  
  30  3:48  Starport Tech Lab  
  30  3:59  Engineering Bay  
  30  4:03  Marine x2  
  32  4:25  Engineering Bay  
  30  4:55  Marine x2  
  32  5:03  Widow Mine  
  32  5:05  Command Center  
  34  5:13  Marauder  
  36  5:26  Supply Depot  
  36  5:32  SCV  
  36  5:34  Marauder  
  39  5:47  SCV  
  37  6:27  SCV  
  38  6:40  Orbital Command  
  38  6:47  Medivac  
  40  7:02  Widow Mine  
  42  7:10  Marine x3  
  45  7:15  SCV  
  46  7:28  SCV  
  47  7:40  SCV  
  48  7:52  SCV  
  48  7:54  Medivac  
  51  8:12  SCV  
  52  8:17  Refinery  
  52  8:22  Refinery  
  52  8:24  SCV  
  52  8:25  Siege Tank  
  56  8:36  SCV  
  57  8:41  Marine x2  
  57  8:42  Marine  
  60  8:48  SCV  
  61  8:59  Marine  
  62  9:28  Orbital Command  
  62  9:45  Supply Depot  
  62  10:06  Marine x2  
  69  10:07  Siege Tank, Marauder  
  69  10:24  Marine  
  70  10:48  Supply Depot  
  70  11:09  SCV, Raven, Marine x2  
  70  11:10  Marauder  
  70  11:11  Supply Depot  
  77  11:22  SCV  
  78  11:32  Siege Tank  
  83  11:33  Supply Depot, Marauder  
  83  11:34  SCV  
  84  11:42  Factory  
  84  11:46  SCV  
  85  11:58  SCV, Supply Depot  
  86  12:04  Siege Tank  
  89  12:10  SCV  
  89  12:11  Cloaking Field  
  90  12:20  Supply Depot  
  90  12:27  Factory Tech Lab  
  90  12:43  Supply Depot  
  90  13:05  Supply Depot  
Show
View Real Time Build Order
Export as new Build Order

FireStrike Protoss 

Build Orders: Oracle Opening 

Get SALT Encoding   

  12  0:01  Probe (Chrono Boost)  
  13  0:12  Probe (Chrono Boost)  
  14  0:18  Pylon  
  14  0:24  Probe (Chrono Boost)  
  15  0:36  Probe (Chrono Boost)  
  15  0:39  Gateway  
  16  0:46  Probe (Chrono Boost)  
  17  0:50  Pylon  
  18  0:57  Probe (Chrono Boost)  
  18  1:01  Assimilator  
  18  1:07  Probe (Chrono Boost)  
  19  1:16  Gateway  
  19  1:29  Cybernetics Core  
  19  1:31  Assimilator  
  19  1:33  Probe (Chrono Boost)  
  20  1:40  Zealot  
  22  1:49  Probe (Chrono Boost)  
  23  2:00  Probe (Chrono Boost)  
  24  2:06  Zealot  
  24  2:07  Stalker  
  28  2:09  Warp Gate  
  28  2:27  Gateway  
  28  2:32  Stargate  
  28  2:39  Pylon  
  28  2:48  Zealot  
  30  2:57  Sentry  
  32  3:02  Forge  
  32  3:14  Zealot  
  32  3:17  Oracle  
  37  3:28  Pylon  
  37  3:32  Mothership Core (Chrono Boost)  
  39  3:46  Zealot  
  41  4:09  Protoss Ground Weapons Level 1  
  41  4:29  Probe (Chrono Boost)  
  41  4:30  Nexus  
  42  4:36  Sentry, Pylon  
  44  4:39  Zealot  
  46  4:47  Probe (Chrono Boost)  
  47  4:57  Probe (Chrono Boost)  
  48  5:24  Stalker x3  
  54  5:29  Pylon  
  54  5:30  Probe (Chrono Boost)  
  55  5:42  Probe (Chrono Boost)  
  56  5:49  Stalker  
  55  6:10  Probe (Chrono Boost)  
  54  6:36  Protoss Ground Armor Level 1  
  54  6:41  Robotics Facility  
  51  6:56  Probe (Chrono Boost)  
  51  6:58  Phoenix  
  54  7:02  Probe (Chrono Boost)  
  54  7:05  Assimilator  
  54  7:07  Assimilator  
  55  7:11  Stalker  
  55  7:13  Probe (Chrono Boost)  
  55  7:15  Stalker  
  59  7:23  Probe (Chrono Boost)  
  60  7:30  Observer  
  60  7:32  Stalker  
  60  7:34  Probe (Chrono Boost)  
  60  7:35  Probe (Chrono Boost)  
  65  7:45  Probe (Chrono Boost)  
  65  7:46  Sentry, Probe (Chrono Boost)  
  65  7:47  Sentry  
  71  7:55  Probe (Chrono Boost)  
  71  7:56  Probe (Chrono Boost)  
  71  7:57  Forge  
  73  8:06  Probe (Chrono Boost)  
  73  8:07  Probe (Chrono Boost)  
  75  8:14  Stalker  
  75  8:16  Probe (Chrono Boost)  
  78  8:24  Robotics Bay  
  78  8:26  Gateway  
  78  8:40  Pylon  
  78  8:44  Probe (Chrono Boost)  
  78  9:02  Probe (Chrono Boost)  
  78  9:09  Observer  
  76  9:18  Probe (Chrono Boost)  
  73  9:28  Probe (Chrono Boost)  
  72  9:39  Probe (Chrono Boost)  
  72  9:41  Probe (Chrono Boost)  
  74  9:49  Probe (Chrono Boost)  
  74  9:51  Probe (Chrono Boost)  
  76  9:58  Pylon x2  
  76  10:00  Probe (Chrono Boost), Pylon  
  76  10:02  Probe (Chrono Boost)  
  78  10:12  Robotics Facility  
  78  10:16  Disruptor  
  78  10:17  Mothership Core (Chrono Boost), Probe (Chrono Boost), Pylon  
  77  10:52  Observer  
  70  11:20  Stalker x4  
  70  11:22  Probe (Chrono Boost)  
  70  11:24  Nexus  
  79  11:26  Colossus  
  79  11:31  Void Ray  
  89  11:33  Probe (Chrono Boost)  
  89  11:34  Disruptor  
  93  11:43  Probe (Chrono Boost)  
  93  11:44  Twilight Council  
  95  11:54  Probe (Chrono Boost), Pylon  
  95  12:01  Probe (Chrono Boost)  
  96  12:04  Probe (Chrono Boost)  
  97  12:11  Probe (Chrono Boost)  
  97  12:15  Probe (Chrono Boost), Pylon  
  99  12:22  Probe (Chrono Boost)  
  100  12:24  Immortal  
  104  12:32  Stalker x2  
  108  12:39  Probe (Chrono Boost)  
  108  12:40  Probe (Chrono Boost)  
  110  12:44  Assimilator  
  110  12:47  Sentry x2  
  110  12:49  Probe (Chrono Boost)  
  110  12:50  Probe (Chrono Boost)  
  116  12:55  Photon Cannon  
  116  13:01  Probe (Chrono Boost)  
  57  13:42  Stalker x4  
  41  14:08  Stalker x3  
  41  14:09  Stalker  
  29  14:51  Stalker x4  
Tags
 
Add a new tag
Caveats
  • Supply blocks, unpowered buildings, or Contaminate may cause inaccurate times.
  • Supply counts are checked every 10 seconds.